 Dungeon Crawl Stone Soup version 0.23-a0-78-gc252fe1 (webtiles) character file.

7644 jjfam the Cleaver (level 10, -3/92 HPs)
             Began as a Deep Dwarf Fighter on Aug 10, 2018.
             Was a Priest of Makhleb.
             Slain by a two-headed ogre
             ... wielding a +0 giant club
              (16 damage)
             ... on level 9 of the Dungeon.
             The game lasted 00:23:25 (6846 turns).

jjfam the Cleaver (Deep Dwarf Fighter)              Turns: 6846, Time: 00:23:26

Health: -3/92      AC: 16    Str: 24    XL:     10   Next: 99%
Magic:  5/5        EV:  7    Int:  8    God:    Makhleb [***...]
Gold:   337        SH: 12    Dex: 12    Spells: 9/9 levels left

rFire    . . .     SeeInvis .   B - +1 war axe (freeze)
rCold    . . .     Gourm    .   c - +0 shield
rNeg     . . .     Faith    .   E - +0 plate armour
rPois    .         Spirit   .   z - +0 helmet
rElec    .         Reflect  .   q - scarf {cloud immunity}
rCorr    +         Harm     .   o - +0 pair of gloves
MR       +....                  (no boots)
Stlth    ..........             (no amulet)
HPRegen  0.00/turn              C - +2 ring of slaying
MPRegen  0.09/turn              y - ring of resist corrosion

@: non-regenerating
A: damage resistance, heal wounds, sense surroundings 2, no regeneration
a: Heal Wounds, Minor Destruction, Lesser Servant of Makhleb, Renounce Religion


You were on level 9 of the Dungeon.
You worshipped Makhleb.
Makhleb was most pleased with you.
You were not hungry.

You visited 2 branches of the dungeon, and saw 11 of its levels.
You also visited: Ossuary.

You collected 337 gold pieces.

Inventory:

Hand Weapons
 B - a +1 war axe of freezing (weapon)
Armour
 c - a +0 shield (worn)
 o - a +0 pair of gloves (worn)
 q - a scarf of cloud immunity (worn)
 z - a +0 helmet (worn)
 E - a +0 plate armour (worn)
Jewellery
 y - a ring of resist corrosion (right hand)
 C - a +2 ring of slaying (left hand)
Wands
 g - a wand of digging (10)
 D - a wand of acid (16)
 G - a wand of disintegration (9)
Scrolls
 h - 9 scrolls of teleportation
 p - a scroll of amnesia
 r - 6 scrolls of enchant armour
 t - 4 scrolls of remove curse
 u - a scroll of random uselessness
 w - 3 scrolls of blinking
 F - a scroll of fear {unknown}
Potions
 d - 2 potions of might
 e - a potion of invisibility
 j - 8 potions of curing
 k - 2 potions of lignification
 m - 2 potions of flight {unknown}
 n - 2 potions of degeneration {unknown}
 s - 2 potions of mutation {unknown}
 v - 4 potions of heal wounds {unknown}
 A - a potion of haste {unknown}
 H - a potion of magic
Comestibles
 a - 3 chunks of flesh
 f - 17 rations


   Skills:
 + Level 6.9 Fighting
 + Level 12.2 Axes
 + Level 0.5 Throwing
 + Level 7.8 Armour
 + Level 4.1 Dodging
 + Level 1.7 Stealth
 + Level 8.7 Shields
 + Level 0.5 Invocations
 + Level 0.1 Evocations


You had 9 spell levels left.
You didn't know any spells.
Your spell library contained the following spells:

 Spells                   Type           Power        Failure   Level  Hunger
 Conjure Flame            Conj/Fire      #.......     100%        3    ####...
 Freezing Cloud           Conj/Ice/Air   #.........   100%        6    #######
 Mephitic Cloud           Conj/Pois/Air  #.......     100%        3    ####...
 Ring of Flames           Chrm/Fire      #.........   100%        7    #######
 Summon Small Mammal      Summ           #...         100%        1    ##.....
 Summon Ice Beast         Ice/Summ       #.......     100%        4    #####..
 Call Imp                 Summ           #.......     100%        2    ###....
 Call Canine Familiar     Summ           #.......     100%        3    ####...
 Summon Lightning Spire   Summ/Air       #.......     100%        4    #####..
 Summon Guardian Golem    Hex/Summ       #.......     100%        3    ####...
 Poisonous Vapours        Pois/Air       #.....       100%        2    ###....


Dungeon Overview and Level Annotations

Branches:
Dungeon (10/15)            Temple (1/1) D:5
   Lair: D:8-11         Orc: D:9-12

Altars:
Ashenzari
Cheibriados
Dithmenos
Elyvilon
Fedhas
Gozag
Hepliaklqana
Kikubaaqudgha
Makhleb
Nemelex Xobeh
Okawaru
Qazlal
Ru
Trog
Uskayaw
Vehumet
Wu Jian
Xom
Yredelemnul
Zin
The Shining One

Shops:
D:5 }

Annotations:
D:6 1 runed door


Innate Abilities, Weirdness & Mutations

You are resistant to damage.
You can heal yourself by infusing magical energy.
You passively map the area around you.
You do not regenerate.


Message History

You hit the two-headed ogre. You freeze the two-headed ogre.
The two-headed ogre is moderately wounded.
Your ynoxinul hits the two-headed ogre.
The two-headed ogre hits you but does no damage.
You block the two-headed ogre's attack.
You slash the two-headed ogre! You freeze the two-headed ogre.
The two-headed ogre is heavily wounded.
Your ynoxinul hits the two-headed ogre.
The two-headed ogre hits you with a giant club.
You block the two-headed ogre's attack.
You hit the two-headed ogre. You freeze the two-headed ogre.
The two-headed ogre is heavily wounded.
Your ynoxinul gestures at the two-headed ogre.
The iron shot hits the two-headed ogre.
Your plate armour prevents you from hitting the two-headed ogre.
The two-headed ogre is almost dead.
The two-headed ogre hits you with a giant club!!
* * * LOW HITPOINT WARNING * * *
The two-headed ogre hits you with a giant spiked club!!
You die...

**** ###### *,,* *....#
*,,* **#..# *,,***
#..########,,,,*
####O@........,,,,*
#....3[.......,,,,****
#.............,,,,,,,,
#.............,,,,,,,,
**##.............,,,,,,,,
*,...............,,,,,,,,
*................,,,,,,,,
*................,,,,,,,,
*,......#.########*******


You could see a two-headed ogre and a friendly ynoxinul.

Vanquished Creatures
  2 two-headed ogres
  The ghost of nht the Chucker, a novice TrHu of Hepliaklqana (D:6)
  A deep elf mage (D:9)
  Maurice (D:8)
  2 trolls (D:9)
  3 wyverns
  4 yaks (D:8)
  Sigmund (D:6)
  A hungry ghost (D:7)
  Edmund (D:5)
  3 sky beasts
  2 orc warriors
  A necrophage (D:6)
  A phantom (D:6)
  6 ogres
  2 black bears
  4 bullfrogs
  A gnoll sergeant (D:6)
  3 wights (D:9)
  2 howler monkeys (D:7)
  5 crimson imps
  2 centaur zombies (Ossuary)
  4 orc priests
  A quasit (D:8)
  2 bullfrog skeletons
  8 hounds
  8 orc wizards
  4 iguanas
  7 worker ants
  4 big kobold zombies (Ossuary)
  2 hound zombies
  4 mummies (Ossuary)
  A worker ant zombie (D:3)
  7 gnolls
  9 adders
  2 oozes
  2 adder skeletons (D:4)
  4 worms
  3 dart slugs
  6 leopard geckos
  30 orcs
  7 giant cockroaches
  8 goblins
  9 hobgoblins
  5 jackals
  4 quokkas
  A ball python (D:6)
  5 bats
  4 frilled lizards
  3 hobgoblin zombies (Ossuary)
  11 kobolds
  5 rats
  A spectral orc (D:5)
220 creatures vanquished.

Vanquished Creatures (collateral kills)
  An adder (D:10)
1 creature vanquished.

Grand Total: 221 creatures vanquished

Notes
Turn   | Place    | Note
-------+----------+-------------------------------------------
     0 | D:1      | jjfam the Deep Dwarf Fighter began the quest for the Orb.
     0 | D:1      | Reached XP level 1. HP: 20/20 MP: 1/1
   120 | D:1      | Reached XP level 2. HP: 28/28 MP: 2/2
   121 | D:1      | Found a shattered altar of Ashenzari.
   442 | D:1      | Reached XP level 3. HP: 29/34 MP: 3/3
   611 | D:2      | Reached XP level 4. HP: 19/42 MP: 4/4
  1218 | D:3      | Reached skill level 3 in Axes
  1227 | D:3      | Reached XP level 5. HP: 32/50 MP: 4/4
  1904 | D:4      | Reached skill level 4 in Axes
  2065 | D:4      | Reached XP level 6. HP: 45/57 MP: 4/4
  2085 | D:4      | Reached skill level 1 in Dodging
  2178 | D:4      | Found a sparkling altar of Nemelex Xobeh.
  2366 | D:4      | Found a snail-covered altar of Cheibriados.
  2366 | D:4      | Found an ornate altar of the Wu Jian Council.
  2404 | D:4      | Reached skill level 5 in Axes
  2775 | D:5      | Entered Level 5 of the Dungeon
  2824 | D:5      | Found a staircase to the Ecumenical Temple.
  2834 | Temple   | Entered the Ecumenical Temple
  2896 | Temple   | Became a worshipper of Makhleb the Destroyer
  3033 | D:5      | Noticed Edmund
  3055 | D:5      | Killed Edmund
  3055 | D:5      | Reached skill level 6 in Axes
  3055 | D:5      | Reached skill level 5 in Shields
  3055 | D:5      | Reached XP level 7. HP: 55/64 MP: 5/5
  3446 | D:5      | Found a basalt altar of Yredelemnul.
  3627 | D:5      | Found Niesyhit's Gadget Boutique.
  3788 | D:6      | Found a sand-covered staircase.
  3830 | D:6      | Noticed Sigmund
  3845 | D:6      | Killed Sigmund
  3873 | D:6      | Reached skill level 7 in Axes
  3873 | D:6      | Reached skill level 5 in Armour
  3873 | D:6      | Reached XP level 8. HP: 69/73 MP: 6/6
  3926 | Ossuary  | Entered an ossuary
  3972 | Ossuary  | Reached * piety under Makhleb
  4106 | D:6      | Found a runed door.
  4224 | D:6      | Noticed nht's ghost (novice TrHu)
  4233 | D:6      | Reached skill level 8 in Axes
  4358 | D:6      | Found a runed door.
  4704 | D:6      | Reached skill level 5 in Fighting
  4974 | D:7      | Reached skill level 9 in Axes
  4974 | D:7      | Gained mutation: You passively map the area around you. [Deep Dwarf growth]
  4974 | D:7      | Reached XP level 9. HP: 81/81 MP: 7/7
  5026 | D:7      | Reached ** piety under Makhleb
  5073 | D:7      | Found an opulent altar of Gozag.
  5724 | D:6      | Killed nht's ghost
  5724 | D:6      | Reached skill level 10 in Axes
  5724 | D:6      | Reached skill level 1 in Stealth
  5920 | D:8      | Noticed a two-headed ogre
  5935 | D:8      | Killed a two-headed ogre
  5935 | D:8      | Reached XP level 10. HP: 65/91 MP: 7/7
  5954 | D:8      | Noticed Maurice
  5966 | D:8      | Killed Maurice
  6040 | D:8      | Reached *** piety under Makhleb
  6174 | D:8      | Reached skill level 11 in Axes
  6235 | D:8      | Found an ancient bone altar of Kikubaaqudgha.
  6355 | D:8      | Found an iron altar of Okawaru.
  6696 | D:9      | Noticed a deep elf mage
  6721 | D:9      | Killed a deep elf mage
  6721 | D:9      | Reached skill level 12 in Axes
  6799 | D:9      | Noticed a two-headed ogre
  6799 | D:9      | Noticed a two-headed ogre
  6812 | D:10     | Entered Level 10 of the Dungeon
  6823 | D:10     | Killed a two-headed ogre
  6846 | D:9      | Slain by a two-headed ogre

Vault maps used:
D:1:      minmay_arrival_shattered_statue, evilmike_ruin_ashenzari
D:2:      eino_curves_03
D:4:      nicolae_overflow_crystal_walls, gammafunk_temple_overflow_elements,
          first_ration
D:5:      yredelemnul_forgotten_temple_becter, temple_statues, serial_shops,
          kennysheep_little_box, uniq_edmund
D:6:      nicolae_ossuary_entry_false_entrances, ebering_ghost_sewer_f,
          uniq_sigmund
D:7:      grunt_ministairs_12, grunt_ogre_cave, grunt_gozag_breadcrumbs
D:8:      okawaru_metal_pillars_3, basic_altar, uniq_maurice
D:9:      minmay_quarter_circles, kennysheep_mini_moat
D:10:     minmay_weird_star, lair_entry_dummy, uniq_urug
Temple:   eino_temple_scatter_basement
Ossuary:  ossuary_the_hunt_dpeg

Skill      XL: |  1  2  3  4  5  6  7  8  9 10 |
---------------+-------------------------------+-----
Fighting       | 3 4 5 6 |  6.9
Shields        | 4 5 6 7 8 |  8.7
Axes           | 3 4 6 7 9 10 12 | 12.2
Dodging        | 1 2 3 4 |  4.1
Armour         | 4 5 7 |  7.8
Stealth        | 1 |  1.7
Throwing       | |  0.5
Invocations    | |  0.5
Evocations     | |  0.1

Action                   |  1- 3 |  4- 6 |  7- 9 | 10-12 || total
-------------------------+-------+-------+-------+-------++-------
Melee: War axe           |    54 |   246 |   302 |   142 ||   744
 Fire: Blowgun           |       |       |     4 |       ||     4
Invok: Lesser Servant of |       |       |       |     3 ||     3
 Abil: Heal Wounds       |     1 |     5 |     8 |     6 ||    20
Evoke: Wand              |       |       |     1 |       ||     1
  Use: Scroll            |       |       |    12 |     5 ||    17
  Eat: Chunk             |       |     6 |    10 |     3 ||    19
       Ration            |       |     1 |       |       ||     1
Armor: Scale mail        |    47 |   105 |    89 |    31 ||   272
       Plate armour      |       |       |       |    14 ||    14
Dodge: Dodged            |    22 |    83 |    92 |    54 ||   251
Block: Shield            |    35 |   146 |   138 |    90 ||   409

Table legend:
 A = Non-vault XP
 B = Vault XP
 C = Vault XP percentage of total XP
 D = Non-vault monster count
 E = Vault monster count
 F = Vault count percentage of total count
 G = Total turns spent on level
                 A         B        C        D         E       F
            +---------+---------+-------+---------+---------+-------
      Total |    6510 |    4410 |  40.4 |     188 |      33 |  14.9
            +---------+---------+-------+---------+---------+-------
        D:1 |      43 |       0 |   0.0 |      20 |       0 |   0.0
        D:2 |      95 |       0 |   0.0 |      21 |       0 |   0.0
        D:3 |     128 |       0 |   0.0 |      25 |       0 |   0.0
        D:4 |     288 |       0 |   0.0 |      28 |       0 |   0.0
        D:5 |     304 |     165 |  35.2 |      12 |       2 |  14.3
        D:6 |    1151 |     956 |  45.4 |      24 |       6 |  20.0
        D:7 |     928 |     404 |  30.3 |      24 |       3 |  11.1
        D:8 |    2804 |     439 |  13.5 |      26 |       1 |   3.7
        D:9 |     758 |    1213 |  61.5 |       7 |       6 |  46.2
       D:10 |      11 |     960 |  98.9 |       1 |       2 |  66.7
    Ossuary |       0 |     273 | 100.0 |       0 |      13 | 100.0
            +---------+---------+-------+---------+---------+-------
